 Dungeon Crawl Stone Soup version 0.31-a0-193-gdfe2569204 (webtiles) character file.

Game seed: 8555185619976214081

340 qw the Skirmisher (level 6, -1/36 HPs)
             Began as a Deep Elf Hunter on June 24, 2023.
             Was an Initiate of Okawaru.
             Slain by a gnoll
             ... wielding a +0 club
              (7 damage)
             ... on level 3 of the Dungeon.
             The game lasted 00:01:19 (2661 turns).

qw the Skirmisher (Deep Elf Hunter)                 Turns: 2661, Time: 00:01:20

Health: -1/36      AC:  3    Str:  7    XL:     6   Next: 30%
Magic:  8/8        EV: 13    Int: 14    God:    Okawaru [......]
Gold:   133        SH:  0    Dex: 18    Spells: 5/5 levels left

rFire   . . .        Y - +1 shortbow
rCold   . . .        (shield currently unavailable)
rNeg    . . .        l - +1 robe of Siterouh {rPois rCorr Str-3 Stlth+}
rPois   +            (no helmet)
rElec   .            (no cloak)
rCorr   +            (no gloves)
SInv    .            (no boots)
Will    .....        c - amulet of faith
Stlth   +++          (no ring)
HPRegen 0.26/turn    (no ring)
MPRegen 0.11/turn

%: faith
@: about to teleport
A: no striking features
a: Renounce Religion


You were on level 3 of the Dungeon.
You worshipped Okawaru.
Okawaru was noncommittal.
You visited 2 branches of the dungeon, and saw 7 of its levels.

You collected 133 gold pieces.


   Skills:
 - Level 2.5 Fighting
 + Level 9.2 Ranged Weapons
 - Level 3.1 Dodging
 - Level 1.2 Stealth


You had 5 spell levels left.
You didn't know any spells.
Your spell library was empty.

Inventory:

Hand Weapons
 Y - a +1 shortbow (weapon)
Armour
 d - a +0 ring mail
 l - the +1 robe of Siterouh (worn) {rPois rCorr Str-3 Stlth+}
   (You found it on level 3 of the Dungeon)

   Str:       It affects your strength (-3).
   rPois:     It protects you from poison.
   rCorr:     It protects you from acid and corrosion.
   Stlth:     It makes you more stealthy.
Jewellery
 c - an amulet of faith (around neck)
Scrolls
 a - a scroll of teleportation
 e - a scroll of identify
Potions
 b - a potion of curing
 g - a potion of enlightenment
 j - a potion of mutation {unknown}
 k - a potion of attraction {unknown}

Dungeon Overview and Level Annotations

Branches:
Dungeon (6/15)             Temple (1/1) D:6

Altars:
Ashenzari
Cheibriados
Elyvilon
Fedhas
Gozag
Hepliaklqana
Makhleb
Okawaru
Qazlal
Ru
Sif Muna
Trog
Uskayaw
Vehumet
Wu Jian
Xom
Yredelemnul
Zin


Message History

You shoot an arrow. The arrow barely misses the gnoll.
The gnoll hits you but does no damage.
You shoot an arrow. The arrow hits the gnoll.
The gnoll is almost dead.
The gnoll hits you with a +0 club.
You shoot an arrow. The arrow barely misses the gnoll.
You shoot an arrow.
The arrow hits the gnoll but does no damage.
The gnoll is almost dead.
The gnoll closely misses you. The endoplasm freezes you.
You are frozen.
You shoot an arrow. The arrow hits the gnoll.
You kill the gnoll!
Okawaru accepts your kill.
You shoot an arrow.
The arrow hits the gnoll but does no damage.
The gnoll hits you from afar with a +0 halberd!
The gnoll closely misses you. The endoplasm barely misses you.
You shoot an arrow.
The arrow hits the gnoll but does no damage.
The gnoll completely misses you. The endoplasm hits you.
The gnoll closely misses you.
You shoot an arrow. The arrow barely misses the gnoll.
The gnoll closely misses you. The gnoll hits you with a +0 club.
The endoplasm freezes you.
You are frozen.
You shoot an arrow. The arrow hits the gnoll.
The gnoll is lightly wounded.
The gnoll hits you from afar with a +0 halberd.
The gnoll barely misses you. The endoplasm freezes you.
You are frozen.
2661 ||| READING 2 scrolls of teleportation.
As you read the scroll of teleportation, it crumbles to dust.
You feel strangely unstable. The gnoll closely misses you.
The endoplasm freezes you.
You are frozen.
The gnoll hits you with a +0 club!
You die...

.............
...#####.#.#
#####......# . #....# #
.. #....# ... #....#
#####....
#####....#######..g.....
....o.........##gJ).....
###..##.......#)@#
#...............##
#.#.###........##
#...###.......##
#..###.......## #..#
#......## #..# #......#
#..###......##
#.......)....#


You could see 2 gnolls and an endoplasm.

Vanquished Creatures
  A scorpion (D:5)
  2 orc priests (D:3)
  Jessica (D:3)
  2 iguanas
  3 gnolls
  5 adders
  A worm (D:1)
  5 orcs
  8 ball pythons
  3 endoplasms
  A giant cockroach (D:2)
  7 hobgoblins
  4 jackals (D:2)
  3 kobolds (D:1)
  5 quokkas
  5 bats
  3 frilled lizards
  4 goblins
  7 rats
70 creatures vanquished.

Notes
Turn   | Place    | Note
-------+----------+-------------------------------------------
     0 | D:1      | qw the Deep Elf Hunter began the quest for the Orb.
     0 | D:1      | Reached XP level 1. HP: 12/12 MP: 3/3
     0 | D:1      | 0 ||| qw: Version: 0.3-a-9-g12657ce
     0 | D:1      | 0 ||| qw: Game counter: 4703
     0 | D:1      | 0 ||| qw: Always use a shield: true
     0 | D:1      | 0 ||| qw: God list: Okawaru
     0 | D:1      | 0 ||| qw: Allow faded altars: false
     0 | D:1      | 0 ||| qw: Do Orc after D:15 true
     0 | D:1      | 0 ||| qw: Do second Lair branch before Depths: true
     0 | D:1      | 0 ||| qw: Lair rune preference: random
     0 | D:1      | 0 ||| qw: Plans: Normal
     0 | D:1      | 0 ||| PLANNING D:1-11
   266 | D:1      | Reached XP level 2. HP: 16/16 MP: 4/4
   277 | D:1      | Reached skill level 6 in Ranged Weapons
   323 | D:1      | 323 ||| Stepping ~*~*~tactically~*~*~ (outnumbered).
   537 | D:1      | Reached XP level 3. HP: 12/20 MP: 5/5
   917 | D:1      | 917 ||| UPGRADING to +0 ring mail.
   927 | D:1      | 927 ||| DROPPING +0 leather armour.
   928 | D:1      | 928 ||| READING 2 scrolls labelled CERUBL UHASM.
   932 | D:1      | 932 ||| READING scroll labelled GUERAYFFAA.
   933 | D:1      | 933 ||| READING scroll labelled NIRI ATHRIERR.
  1034 | D:1      | 1034 ||| DROPPING scroll of butterflies.
  1054 | D:2      | 1054 ||| STAIRDANCE
  1065 | D:2      | 1065 ||| STAIRDANCE
  1111 | D:2      | Reached skill level 7 in Ranged Weapons
  1330 | D:2      | Reached XP level 4. HP: 25/25 MP: 6/6
  1678 | D:2      | 1678 ||| UPGRADING to amulet of faith.
  1683 | D:2      | 1683 ||| READING scroll labelled SUXIDESHRULO.
  1684 | D:2      | 1684 ||| DRINKING 2 white potions.
  1748 | D:3      | Noticed Jessica
  1750 | D:3      | Killed Jessica
  1751 | D:3      | Reached skill level 8 in Ranged Weapons
  1762 | D:3      | HP: 6/25 [orc priest/+0 flail (8)]
  1763 | D:3      | 1763 ||| READING 4 scrolls of teleportation.
  1767 | D:3      | 1767 ||| Stepping ~*~*~tactically~*~*~ (water).
  1767 | D:3      | Found an ornate altar of the Wu Jian Council.
  1923 | D:3      | Identified the +1 robe of Siterouh {rPois rCorr Str-3
                  | Stlth+}
  1949 | D:3      | Reached XP level 5. HP: 29/29 MP: 7/7
  1950 | D:3      | 1950 ||| FLEEEEING.
  1950 | D:3      | HP: 3/29 [orc priest/divine providence (16)]
  1951 | D:3      | 1951 ||| FLEEEEING.
  1952 | D:3      | 1952 ||| FLEEEEING.
  1953 | D:3      | 1953 ||| FLEEEEING.
  1954 | D:3      | 1954 ||| FLEEEEING.
  1955 | D:3      | 1955 ||| FLEEEEING.
  1959 | D:3      | 1959 ||| FLEEEEING.
  1960 | D:3      | 1960 ||| FLEEEEING.
  1965 | D:3      | 1965 ||| FLEEEEING.
  1966 | D:3      | 1966 ||| FLEEEEING.
  1967 | D:3      | 1967 ||| FLEEEEING.
  1972 | D:3      | 1972 ||| FLEEEEING.
  1976 | D:3      | 1976 ||| FLEEEEING.
  1977 | D:3      | 1977 ||| FLEEEEING.
  1978 | D:3      | 1978 ||| FLEEEEING.
  1979 | D:3      | 1979 ||| FLEEEEING.
  1980 | D:3      | 1980 ||| FLEEEEING.
  1984 | D:3      | 1984 ||| FLEEEEING.
  1985 | D:3      | 1985 ||| FLEEEEING.
  1986 | D:3      | 1986 ||| FLEEEEING.
  1987 | D:3      | 1987 ||| STAIRDANCE
  2058 | D:2      | 2058 ||| UPGRADING to +1 robe of Siterouh {rPois rCorr
                  | Str-3 Stlth+}.
  2068 | D:2      | 2068 ||| READING scroll labelled UNEMNE TEISIH.
  2069 | D:2      | 2069 ||| DRINKING 2 viscous orange potions.
  2070 | D:2      | 2070 ||| READING 2 scrolls of identify.
  2070 | D:2      | 2070 ||| IDENTIFYING viscous pink potion
  2071 | D:2      | 2071 ||| DROPPING potion of brilliance.
  2074 | D:3      | 2074 ||| STAIRDANCE
  2100 | D:2      | 2100 ||| READING 2 scrolls labelled DACA GOURU.
  2101 | D:2      | 2101 ||| DROPPING scroll of blinking.
  2111 | D:3      | Reached skill level 3 in Dodging
  2184 | D:3      | You fall into a shaft and drop 3 floors!
  2203 | D:6      | Noticed an ice beast
  2214 | D:6      | HP: 7/29 [ice beast (13)]
  2215 | D:6      | 2215 ||| READING 3 scrolls of teleportation.
  2216 | D:6      | 2216 ||| DRINKING potion of heal wounds.
  2261 | D:6      | 2261 ||| READING scroll labelled TIODWOMNET.
  2262 | D:6      | 2262 ||| READING scroll labelled SUOMAW MOMP.
  2263 | D:6      | 2263 ||| PLANNING TEMPLE
  2263 | D:6      | 2263 ||| READING 2 scrolls of identify.
  2263 | D:6      | 2263 ||| IDENTIFYING golden potion
  2279 | D:6      | Found a staircase to the Ecumenical Temple.
  2284 | Temple   | Entered the Ecumenical Temple
  2329 | Temple   | 2329 ||| PLANNING OKAWARU WORSHIP
  2463 | Temple   | Became a worshipper of Warmaster Okawaru
  2464 | Temple   | 2464 ||| PLANNING D:1-11
  2500 | D:5      | Entered Level 5 of the Dungeon
  2520 | D:5      | Reached skill level 9 in Ranged Weapons
  2559 | D:5      | Reached XP level 6. HP: 26/36 MP: 8/8
  2575 | D:5      | 2575 ||| FLEEEEING.
  2576 | D:5      | 2576 ||| FLEEEEING.
  2577 | D:5      | 2577 ||| FLEEEEING.
  2578 | D:5      | 2578 ||| FLEEEEING.
  2579 | D:5      | 2579 ||| FLEEEEING.
  2580 | D:5      | 2580 ||| FLEEEEING.
  2581 | D:5      | 2581 ||| FLEEEEING.
  2582 | D:5      | 2582 ||| STAIRDANCE
  2616 | D:4      | 2616 ||| READING scroll labelled DOVIME UCZA.
  2619 | D:4      | 2619 ||| FLEEEEING.
  2620 | D:4      | 2620 ||| STAIRDANCE
  2660 | D:3      | HP: 8/36 [gnoll/+0 halberd (4)]
  2661 | D:3      | 2661 ||| READING 2 scrolls of teleportation.
  2661 | D:3      | Slain by a gnoll

Levels and vault maps discovered:
D:1:      lemuel_arrival_rhombus, layout_loops_corners, minmay_circled_x
D:2:      wander_river, layout_rooms, kennysheep_minor_cross,
          minmay_misc_feat_tiny, nrook_uturn
D:3:      cheibrodos_pilgrimage, layout_basic, nemelex_spade_bored_becter,
          jmf_multi_god_temple, nzn_wu_jian_contemplation,
          minmay_misc_feat_room, hangedman_feature_mirror, uniq_jessica
D:4:      layout_gridville, serial_shops, shop_fountains,
          kennysheep_windowed_goal
D:5:      layout_rooms, hangedman_decor_opposing, dk_noncrumbling_4,
          uniq_sigmund
D:6:      layout_basic, minmay_temple_entry_trees, gammafunk_ghost_hive,
          kennysheep_decorative_pillar, kennysheep_opposing_triangles
Temple:   nicolae_temple_bog_church

Skill      XL: |  1  2  3  4  5 |
---------------+----------------+-----
Ranged Weapons | 6 7 8 9 |  9.2
Dodging        | 3 |  3.1
Fighting       | 2 |  2.5
Stealth        | |  1.2

Action                     |  1- 3 |  4- 6 || total
---------------------------+-------+-------++-------
   Fire: Shortbow          |   127 |   124 ||   251
    Use: Scroll            |     3 |    11 ||    14
         Potion            |       |     3 ||     3
 Armour: Leather armour    |     4 |       ||     4
         Ring mail         |    17 |    10 ||    27
         Robe              |       |     3 ||     3
  Dodge: Dodged            |    47 |    25 ||    72

Table legend:
 A = Non-vault XP
 B = Vault XP
 C = Vault XP percentage of total XP
 D = Non-vault monster count
 E = Vault monster count
 F = Vault count percentage of total count
                 A         B        C        D         E       F
            +---------+---------+-------+---------+---------+-------
      Total |     347 |     140 |  28.7 |      57 |      13 |  18.6
            +---------+---------+-------+---------+---------+-------
        D:1 |      52 |       7 |  11.9 |      24 |       4 |  14.3
        D:2 |      58 |       3 |   4.9 |      20 |       1 |   4.8
        D:3 |      50 |     128 |  71.9 |       8 |       7 |  46.7
        D:4 |       0 |       2 | 100.0 |       0 |       1 | 100.0
        D:5 |     151 |       0 |   0.0 |       4 |       0 |   0.0
        D:6 |      36 |       0 |   0.0 |       1 |       0 |   0.0
            +---------+---------+-------+---------+---------+-------
